SAA
IRVING BLUE SOX @ SALEM MISFITS
08/08/2031
 
TOP OF THE 1ST
Irving Blue Sox batting - Pitching for Salem Misfits : RHP Enrique Valle
Pitching: RHP Enrique Valle
Batting: LHB Ed Gordon 0-0: Ball
1-0: Ground out 3-1 (Groundball, 34S)
Batting: RHB Vince Staples 0-0: Called Strike
0-1: Fly out, F6 (Popup, 6)
Batting: LHB Mike Clifton 0-0: Ball
1-0: Ball
2-0: Swinging Strike
2-1: Ball
3-1: Base on Balls
Batting: LHB Juan Jimínez 0-0: Fly out, F9 (Flyball, 89M)
Top of the 1st over - 0 runs, 0 hits, 0 errors, 1 left on base; Irving 0 - Salem 0
BOTTOM OF THE 1ST
Salem Misfits batting - Pitching for Irving Blue Sox : RHP Joel Farrell
Pitching: RHP Joel Farrell
Batting: LHB José Cuervo 0-0: Foul Ball, location: 2F
0-1: Called Strike
0-2: Ball
1-2: Ball
2-2: Ball
3-2: Fly out, F9 (Flyball, 89M)
Batting: RHB Jorge Ramos 0-0: Ball
1-0: Ball
2-0: Ground out 6-3 (Groundball, 6)
Batting: LHB Jesús Lazcano 0-0: Foul Ball, location: 2F
0-1: DOUBLE (Flyball, 78XD)
Batting: RHB Akke Derksen 0-0: Ball
1-0: Ball
2-0: Ball
3-0: Called Strike
3-1: Called Strike
3-2: Foul Ball, location: 2F
3-2: Base on Balls
Batting: RHB César Ramos 0-0: Fielders Choice at 2nd, 5-4 (Groundball, 56)
Bottom of the 1st over - 0 runs, 1 hit, 0 errors, 2 left on base; Irving 0 - Salem 0
TOP OF THE 2ND
Irving Blue Sox batting - Pitching for Salem Misfits : RHP Enrique Valle
Batting: RHB Enrique Gómez 0-0: Fly out, F6 (Popup, 56D)
Batting: SHB Rafael Porfrio 0-0: Fly out, F8 (Flyball, 8RXD)
Batting: RHB José Alcalá 0-0: Called Strike
0-1: Ball
1-1: Ball
2-1: Fly out, F7 (Flyball, 7S)
Top of the 2nd over - 0 runs, 0 hits, 0 errors, 0 left on base; Irving 0 - Salem 0
BOTTOM OF THE 2ND
Salem Misfits batting - Pitching for Irving Blue Sox : RHP Joel Farrell
Batting: RHB Vicente Andros 0-0: Called Strike
0-1: Swinging Strike
0-2: Foul Ball, location: 2F
0-2: Ball
1-2: Ball
2-2: Foul Ball, location: 2F
2-2: Strikes out swinging
Batting: LHB Tyler Knopp 0-0: SINGLE (Line Drive, 78M)
Batting: RHB Jorge Gómez 0-0: Ball
1-0: Fly out, F7 (Flyball, 7LM)
Batting: RHB Atanza Vongor 0-0: SINGLE (Line Drive, 8LS)
Tyler Knopp to second
Batting: LHB José Cuervo 0-0: Ball
1-0: Fielders Choice at 2nd, 5-4 (Groundball, 5)
Bottom of the 2nd over - 0 runs, 2 hits, 0 errors, 2 left on base; Irving 0 - Salem 0
TOP OF THE 3RD
Irving Blue Sox batting - Pitching for Salem Misfits : RHP Enrique Valle
Batting: RHB Scotty Smalls 0-0: Ball
1-0: Fly out, F8 (Flyball, 89D)
Batting: LHB Ricardo Ríos 0-0: Ball
1-0: Fly out, F3 (Line Drive, 34)
Batting: LHB Ed Gordon 0-0: Called Strike
0-1: Foul Ball, location: 2F
0-2: Ball
1-2: Fly out, F8 (Flyball, 8RS)
Top of the 3rd over - 0 runs, 0 hits, 0 errors, 0 left on base; Irving 0 - Salem 0
BOTTOM OF THE 3RD
Salem Misfits batting - Pitching for Irving Blue Sox : RHP Joel Farrell
Batting: RHB Jorge Ramos 0-0: Ball
1-0: Swinging Strike
1-1: Ball
2-1: Foul Ball, location: 2F
2-2: Ball
3-2: Fly out, F8 (Flyball, 8LM)
Batting: LHB Jesús Lazcano 0-0: Ball
1-0: Called Strike
1-1: Fly out, F3 (Popup, 3SF)
Batting: RHB Akke Derksen 0-0: Ball
1-0: Ball
2-0: SINGLE (Flyball, 7S)
Batting: RHB César Ramos 0-0: Called Strike
0-1: Ball
Wild Pitch!
Akke Derksen to second
1-1: Swinging Strike
1-2: Ball
2-2: Strikes out looking
Bottom of the 3rd over - 0 runs, 1 hit, 0 errors, 1 left on base; Irving 0 - Salem 0
TOP OF THE 4TH
Irving Blue Sox batting - Pitching for Salem Misfits : RHP Enrique Valle
Batting: RHB Vince Staples 0-0: Ball
1-0: Foul Ball, location: 2F
1-1: Foul Ball, location: 2F
1-2: Ball
2-2: Fly out, F7 (Flyball, 7D)
Batting: LHB Mike Clifton 0-0: Ball
1-0: Swinging Strike
1-1: Swinging Strike
1-2: Ball
2-2: Strikes out swinging
Batting: LHB Juan Jimínez 0-0: Called Strike
0-1: Called Strike
0-2: Ball
1-2: Strikes out swinging
Top of the 4th over - 0 runs, 0 hits, 0 errors, 0 left on base; Irving 0 - Salem 0
BOTTOM OF THE 4TH
Salem Misfits batting - Pitching for Irving Blue Sox : RHP Joel Farrell
Batting: RHB Vicente Andros 0-0: Swinging Strike
0-1: Called Strike
0-2: Ball
1-2: Ball
2-2: SINGLE (Line Drive, 8LS)
Batting: LHB Tyler Knopp 0-0: Ball
1-0: Foul Ball, location: 2F
1-1: Ball
2-1: Ball
Wild Pitch!
Vicente Andros to second
3-1: Base on Balls
Batting: RHB Jorge Gómez 0-0: Grounds into double play, 5-4-3 (Groundball, 56)
Vicente Andros to third
Batting: RHB Atanza Vongor 0-0: Called Strike
0-1: Ball
1-1: Ball
2-1: Reached on error, E3 (Groundball, 34S)
Vicente Andros scores
Batting: LHB José Cuervo 0-0: Ball
1-0: Foul Ball, location: 2F
1-1: Foul Ball, location: 2F
1-2: Foul Ball, location: 2F
1-2: Strikes out looking
Bottom of the 4th over - 1 run, 1 hit, 1 error, 1 left on base; Irving 0 - Salem 1
TOP OF THE 5TH
Irving Blue Sox batting - Pitching for Salem Misfits : RHP Enrique Valle
Batting: RHB Enrique Gómez 0-0: Ball
1-0: Called Strike
1-1: Foul Ball, location: 2F
1-2: Ground out U3 (Groundball, 3L)
Batting: SHB Rafael Porfrio 0-0: Ball
1-0: Fly out, F6 (Line Drive, 6)
Batting: RHB José Alcalá 0-0: Called Strike
0-1: Ball
1-1: Called Strike
1-2: Ball
2-2: Ground out U3 (Groundball, 34S)
Top of the 5th over - 0 runs, 0 hits, 0 errors, 0 left on base; Irving 0 - Salem 1
BOTTOM OF THE 5TH
Salem Misfits batting - Pitching for Irving Blue Sox : RHP Joel Farrell
Batting: RHB Jorge Ramos 0-0: Ball
1-0: SINGLE (Groundball, 34D)
Batting: LHB Jesús Lazcano 0-0: Ball
1-0: DOUBLE (Line Drive, 78XD)
Jorge Ramos to third
Batting: RHB Akke Derksen 0-0: Foul Ball, location: 2F
0-1: Ground out 5-3 (Groundball, 56S)
Batting: RHB César Ramos 0-0: Called Strike
0-1: Foul Ball, location: 2F
0-2: Ball
1-2: Foul Ball, location: 2F
1-2: Ball
2-2: Foul Ball, location: 2F
2-2: Ground out 6-3 (Groundball, 6M)
Batting: RHB Vicente Andros 0-0: Swinging Strike
0-1: Called Strike
0-2: Fly out, F8 (Flyball, 8LD)
Bottom of the 5th over - 0 runs, 2 hits, 0 errors, 2 left on base; Irving 0 - Salem 1
TOP OF THE 6TH
Irving Blue Sox batting - Pitching for Salem Misfits : RHP Enrique Valle
Batting: RHB Scotty Smalls 0-0: Ball
1-0: Called Strike
1-1: Ball
2-1: Foul Ball, location: 2F
2-2: Ball
3-2: Fly out, F9 (Flyball, 89M)
Batting: LHB Ricardo Ríos 0-0: Fly out, F5 (Line Drive, 56)
Batting: LHB Ed Gordon 0-0: Called Strike
0-1: Ball
1-1: Ball
2-1: Ball
3-1: SINGLE (Line Drive, 9LS)
Batting: RHB Vince Staples 0-0: Swinging Strike
0-1: Ground out 3-1 (Groundball, 34S)
Top of the 6th over - 0 runs, 1 hit, 0 errors, 1 left on base; Irving 0 - Salem 1
BOTTOM OF THE 6TH
Salem Misfits batting - Pitching for Irving Blue Sox : RHP Joel Farrell
Batting: LHB Tyler Knopp 0-0: Fly out, F6 (Popup, 6)
Batting: RHB Jorge Gómez 0-0: Foul Ball, location: 2F
0-1: Ball
1-1: Ball
2-1: Called Strike
2-2: Strikes out looking
Batting: RHB Atanza Vongor 0-0: Foul Ball, location: 2F
0-1: Foul Ball, location: 2F
0-2: Strikes out swinging
Bottom of the 6th over - 0 runs, 0 hits, 0 errors, 0 left on base; Irving 0 - Salem 1
TOP OF THE 7TH
Irving Blue Sox batting - Pitching for Salem Misfits : RHP Enrique Valle
Batting: LHB Mike Clifton 0-0: Foul Ball, location: 2F
0-1: Ball
1-1: Foul Ball, location: 2F
1-2: Ground out 5-3 (Groundball, 5)
Batting: LHB Juan Jimínez 0-0: Ball
1-0: Ground out 4-3 (Groundball, 4)
Batting: RHB Enrique Gómez 0-0: Called Strike
0-1: Ball
1-1: Called Strike
1-2: Ball
2-2: Ball
3-2: Ground out 1-3 (Groundball, 13S)
Top of the 7th over - 0 runs, 0 hits, 0 errors, 0 left on base; Irving 0 - Salem 1
BOTTOM OF THE 7TH
Salem Misfits batting - Pitching for Irving Blue Sox : RHP Joel Farrell
Batting: LHB José Cuervo 0-0: Ball
1-0: Ball
2-0: Ball
3-0: Base on Balls
Batting: RHB Jorge Ramos 0-0: Sac Bunt - play at first, batter OUT! 2-4
José Cuervo to second
Batting: LHB Jesús Lazcano 0-0: Intentional Walk
Batting: RHB Akke Derksen 0-0: Called Strike
0-1: Ball
1-1: Swinging Strike
1-2: Ball
2-2: Strikes out swinging
Batting: RHB César Ramos 0-0: Fly out, F5 (Popup, 25F)
Bottom of the 7th over - 0 runs, 0 hits, 0 errors, 2 left on base; Irving 0 - Salem 1
TOP OF THE 8TH
Irving Blue Sox batting - Pitching for Salem Misfits : RHP Enrique Valle
Batting: SHB Rafael Porfrio 0-0: Foul Ball, location: 2F
0-1: Foul Ball, location: 2F
0-2: Ball
1-2: Strikes out swinging
Batting: RHB José Alcalá 0-0: Swinging Strike
0-1: Foul Ball, location: 2F
0-2: Foul Ball, location: 2F
0-2: Strikes out swinging
Batting: RHB Scotty Smalls 0-0: Ball
1-0: Ball
2-0: Ball
3-0: Called Strike
3-1: Swinging Strike
3-2: Strikes out looking
Top of the 8th over - 0 runs, 0 hits, 0 errors, 0 left on base; Irving 0 - Salem 1
BOTTOM OF THE 8TH
Salem Misfits batting - Pitching for Irving Blue Sox : RHP Joel Farrell
Batting: RHB Vicente Andros 0-0: Ground out 6-3 (Groundball, 56)
Batting: LHB Tyler Knopp 0-0: Called Strike
0-1: Called Strike
0-2: Ball
1-2: Ball
2-2: DOUBLE (Line Drive, 9LD)
Batting: RHB Jorge Gómez 0-0: Intentional Walk
Batting: RHB Atanza Vongor 0-0: Fly out, F3 (Popup, 34)
Batting: LHB José Cuervo 0-0: Ball
Wild Pitch!
Tyler Knopp to third
Jorge Gómez to second
1-0: Called Strike
1-1: Ball
2-1: Called Strike
2-2: Foul Ball, location: 2F
2-2: Ball
3-2: Base on Balls
Batting: RHB Jorge Ramos 0-0: Ball
1-0: Fly out, F6 (Popup, 4M)
Bottom of the 8th over - 0 runs, 1 hit, 0 errors, 3 left on base; Irving 0 - Salem 1
TOP OF THE 9TH
Irving Blue Sox batting - Pitching for Salem Misfits : RHP Enrique Valle
Batting: LHB Ricardo Ríos 0-0: Called Strike
0-1: Foul Ball, location: 2F
0-2: Foul Ball, location: 2F
0-2: SINGLE (Line Drive, 34)
Batting: LHB Ed Gordon 0-0: Sac Bunt - play at first, batter OUT! 2-4
Ricardo Ríos to second
Batting: RHB Vince Staples 0-0: Swinging Strike
0-1: Foul Ball, location: 2F
0-2: Strikes out swinging
Batting: LHB Mike Clifton 0-0: Ball
1-0: Ball
2-0: Ball
3-0: Base on Balls
Batting: LHB Juan Jimínez 0-0: TRIPLE (Line Drive, 78XD)
Ricardo Ríos scores
Mike Clifton scores
Batting: RHB Enrique Gómez 0-0: Called Strike
0-1: Ball
1-1: Foul Ball, location: 2F
1-2: Ball
2-2: Foul Ball, location: 2F
2-2: Foul Ball, location: 2F
2-2: Strikes out swinging
Top of the 9th over - 2 runs, 2 hits, 0 errors, 1 left on base; Irving 2 - Salem 1
BOTTOM OF THE 9TH
Salem Misfits batting - Pitching for Irving Blue Sox : RHP Joel Farrell
Pitching: RHP Matthew Fallows
Now at 1B: Jorge López
Batting: LHB Jesús Lazcano 0-0: Ball
1-0: Foul Ball, location: 2F
1-1: Ball
2-1: Foul Ball, location: 2F
2-2: Strikes out swinging
Batting: RHB Akke Derksen 0-0: Foul Ball, location: 2F
0-1: SINGLE (Groundball, 6MD)
Batting: RHB César Ramos 0-0: Ball
1-0: Called Strike
1-1: Called Strike
1-2: Ball
2-2: Foul Ball, location: 2F
2-2: Strikes out swinging
Batting: RHB Vicente Andros 0-0: Ball
1-0: Ball
2-0: Ball
3-0: Called Strike
3-1: Called Strike
3-2: Foul Ball, location: 2F
3-2: Foul Ball, location: 2F
3-2: DOUBLE (Line Drive, 78D)
Akke Derksen to third
Akke Derksen scores
Batting: LHB Tyler Knopp 0-0: Ball
1-0: Ground out 4-3 (Groundball, 4)
Bottom of the 9th over - 1 run, 2 hits, 0 errors, 1 left on base; Irving 2 - Salem 2
TOP OF THE 10TH
Irving Blue Sox batting - Pitching for Salem Misfits : RHP Enrique Valle
Batting: RHB Jorge López 0-0: Ball
1-0: Called Strike
1-1: Fly out, F8 (Flyball, 8LM)
Batting: RHB José Alcalá 0-0: Foul Ball, location: 2F
0-1: Swinging Strike
0-2: Ball
1-2: Ground out 4-3 (Groundball, 34)
Batting: RHB Scotty Smalls 0-0: Called Strike
0-1: Ball
1-1: Called Strike
1-2: Ball
2-2: Ball
3-2: Base on Balls
Pitching: RHP Bogdon Sokolov
Batting: LHB Ricardo Ríos 0-0: Ball
1-0: TRIPLE (Line Drive, 8RXD)
Scotty Smalls scores
Batting: LHB Ed Gordon 0-0: Called Strike
0-1: Fly out, F9 (Flyball, 9)
Top of the 10th over - 1 run, 1 hit, 0 errors, 1 left on base; Irving 3 - Salem 2
BOTTOM OF THE 10TH
Salem Misfits batting - Pitching for Irving Blue Sox : RHP Matthew Fallows
Batting: RHB Jorge Gómez 0-0: Foul Ball, location: 2F
0-1: Fly out, F9 (Flyball, 89D)
Batting: RHB Atanza Vongor 0-0: Ball
1-0: Foul Ball, location: 2F
1-1: Ground out 1-3 (Groundball, P)
Batting: LHB José Cuervo 0-0: Fly out, F5 (Popup, 5)
Bottom of the 10th over - 0 runs, 0 hits, 0 errors, 0 left on base; Irving 3 - Salem 2
Tuesday, June 12th, 2018 - OOTP Baseball 18.8 Build 76